 Dungeon Crawl Stone Soup version 0.28-a0-991-g956f0ee3d5 (webtiles) character file.

Game seed: 16968046858026296666

2 ders the Digger (level 1, 0/10 HPs)
             Began as a Gargoyle Earth Elementalist on Dec 4, 2021.
             Slain by a bat (1 damage)
             ... on level 1 of the Dungeon.
             The game lasted 00:00:11 (55 turns).

ders the Digger (Gargoyle Earth Elementalist)         Turns: 55, Time: 00:00:11

Health: 0/10       AC:  4    Str: 11    XL:     1   Next: 30%
Magic:  0/3        EV: 11    Int: 15    God:
Gold:   11         SH:  0    Dex: 10    Spells: 3/4 levels left

rFire   . . .      SeeInvis .   (no weapon)
rCold   . . .      Faith    .   (no shield)
rNeg    + . .      Spirit   .   b - +0 robe
rPois   ∞          Reflect  .   (no helmet)
rElec   +          Harm     .   (no cloak)
rCorr   .          Rampage  .   (no gloves)
Will    .....                   (no boots)
Stlth   ++........              (no amulet)
HPRegen 0.03/turn               (no ring)
MPRegen 0.08/turn               (no ring)

@: no status effects
A: sickness immunity, AC +2, negative energy resistance 1, electricity
resistance, torment resistance 1, petrification resistance
a: no special abilities


You were on level 1 of the Dungeon.
You visited 1 branch of the dungeon, and saw 1 of its levels.

You collected 11 gold pieces.

Inventory:

Missiles
 c - 25 stones
Armour
 b - a +0 robe (worn)
Scrolls
 a - a scroll of vulnerability {unknown}


   Skills:
 - Level 1.5 Dodging
 - Level 2.1 Stealth
 + Level 2.0 Spellcasting
 + Level 0.2 Conjurations
 - Level 0.7 Transmutations
 + Level 3.6 Earth Magic


You had 3 spell levels left.
You knew the following spells:

 Your Spells              Type           Power      Damage    Failure   Level
a - Sandblast             Erth           24%        2d8       4%          1

Your spell library contained the following spells:

 Spells                   Type           Power      Damage    Failure   Level
 Passwall                 Tmut/Erth      6%         N/A       14%         2
 Stone Arrow              Conj/Erth      14%        3d7       30%         3
 Petrify                  Tmut/Erth      8%         N/A       65%         4


Dungeon Overview and Level Annotations

Branches:
Dungeon (1/15)

Altars:


Innate Abilities, Weirdness & Mutations

You are immune to sickness and miasma.
Your stone body is resilient. (AC +2)
You are immune to poison.
You resist negative energy. (rN+)
You are resistant to electric shocks. (rElec)
You are resistant to unholy torment.
You are immune to petrification.


Message History

Unknown command.
Casting: Sandblast (safe; 4% risk of failure)
Confirm with . or Enter, or press ? or * to list all spells.
Aiming: Sandblast (safe; 4% risk of failure)
Press: ? - help, Shift-Dir - straight line, f - ball python
Aim: a ball python (constricting you, 77% to hit)
The blast of sand misses the ball python.
The bat hits you but does no damage. The ball python barely misses you.
The ball python closely misses you. The ball python constricts you.
The ball python bites you but does no damage.
Unknown command.
Casting: Sandblast (safe; 4% risk of failure)
Confirm with . or Enter, or press ? or * to list all spells.
You don't have enough magic to cast this spell.
You escape the ball python's grasp.
The bat hits you but does no damage. The bat barely misses you.
The giant cockroach closely misses you. The bat hits you but does no damage.
You closely miss the ball python. The bat hits you.
The ball python bites you but does no damage.
The ball python closely misses you. The ball python barely misses you. x2
You closely miss the bat. The bat closely misses you.
The ball python misses you. The ball python barely misses you.
The ball python bites you but does no damage.
The ball python grabs you. The ball python constricts you.
* * * LOW HITPOINT WARNING * * *
The giant cockroach bites you.
* * * LOW HITPOINT WARNING * * *
You closely miss the bat. The bat hits you but does no damage. x2
The ball python closely misses you. The ball python constricts you.
The ball python bites you but does no damage.
The giant cockroach waves its antennae.
The giant cockroach closely misses you.
The ball python bites you but does no damage.
The ball python constricts you.
The ball python bites you but does no damage.
You escape the ball python's grasp.
The bat barely misses you.
The giant cockroach bites you but does no damage.
The bat hits you but does no damage. The giant cockroach closely misses you.
The bat hits you.
You die...

#............. #.#
####∩## ####.....##
#####.#.......♣#
##...#∩#........♣#
#............♣...#
###...............♣#
#.∩...@............#
##∩#..b..).........##
#...S.♣S....⌠....).#
♣....B...........#∩#
♣..............♣###..
#..............# ...#
#≈.......).....# #.#
###.<......♣..♣# .#
##...........#


You could see a giant cockroach, a bat and 2 ball pythons.

Vanquished Creatures
  A hobgoblin (D:1)
  A kobold (D:1)
2 creatures vanquished.

Notes
Turn   | Place    | Note
-------+----------+-------------------------------------------
     0 | D:1      | ders the Gargoyle Earth Elementalist began the quest for
                  | the Orb.
     0 | D:1      | Reached XP level 1. HP: 10/10 MP: 3/3
    55 | D:1      | Slain by a bat

Illustrated notes

Levels and vault maps discovered:
D:1:      nzn_arrival_settlement, layout_rooms

Action                   || total
-------------------------++-------
Melee: Unarmed           ||     4
 Cast: Sandblast         ||     5
Armor: Robe              ||    23
Dodge: Dodged            ||    36

Table legend: (Time is in decaauts)
 A = Elapsed time spent in this place.
 B = Non-inter-level travel time spent in this place.
 C = Inter-level travel time spent in this place.
 D = Time resting spent in this place.
 E = Time spent auto-exploring this place.
 F = Levels seen in this place.
 G = Mean time per level.
                   A        B        C        D        E       F      G
               +--------+--------+--------+--------+--------+-----+--------+
         Total |     55 |     55 |      0 |      0 |     14 |   1 |   55.0 |
       Dungeon |     55 |     55 |      0 |      0 |     14 |   1 |   55.0 |
               +--------+--------+--------+--------+--------+-----+--------+

Top non-repeatable levels by time:
     D:1: 55 daAuts
